 Dungeon Crawl Stone Soup version 0.27-a0-448-gace5c5693b (webtiles) character file.

Game seed: 16294268905828047368

2011 hehateme the Skirmisher (level 9, -4/71 HPs)
             Began as a Human Gladiator on Feb 27, 2021.
             Was a Believer of Okawaru.
             Slain by a wolf spider (16 damage)
             ... on level 7 of the Dungeon.
             The game lasted 00:16:44 (10240 turns).

hehateme the Skirmisher (Human Gladiator)          Turns: 10240, Time: 00:16:44

Health: -4/71      AC:  8    Str: 17    XL:     9   Next: 46%
Magic:  9/9        EV: 13    Int:  8    God:    Okawaru [**....]
Gold:   398        SH:  0    Dex: 16    Spells: 8/8 levels left

rFire    . . .     SeeInvis .   t - +1 hand axe (elec)
rCold    . . .     Faith    .   (no shield)
rNeg     . . .     Spirit   .   s - +0 scale mail
rPois    .         Reflect  .   c - +0 helmet
rElec    .         Harm     .   (no cloak)
rCorr    .         Rampage  .   (no gloves)
Will     .....                  (no boots)
Stlth    ..........             q - amulet of the acrobat
HPRegen  0.21/turn              (no ring)
MPRegen  0.11/turn              (no ring)

@: no status effects
A: no striking features
a: Renounce Religion, Heroism


You were on level 7 of the Dungeon.
You worshipped Okawaru.
Okawaru was pleased with you.
You visited 1 branch of the dungeon, and saw 7 of its levels.

You collected 398 gold pieces.

Inventory:

Hand Weapons
 a - a +1 trident
 k - a +0 hunting sling
 t - a +1 hand axe of electrocution (weapon)
 u - a +2 vorpal hunting sling
Missiles
 d - 25 poisoned darts (quivered)
 j - 78 sling bullets
 p - 222 stones
 B - 2 atropa-tipped darts
 F - 6 boomerangs
 G - a throwing net {=f}
 I - 46 arrows
 Q - 16 bolts
Armour
 b - a +0 leather armour
 c - a +0 helmet (worn)
 s - a +0 scale mail (worn)
 C - a +0 leather armour of poison resistance {rPois}
 H - a +0 pair of boots
Jewellery
 q - an amulet of the acrobat (around neck)
 D - an amulet of reflection
Wands
 w - a wand of polymorph (5)
 A - a wand of paralysis (3)
Scrolls
 i - a scroll of identify
 n - a scroll of amnesia
 o - a scroll of enchant weapon
 r - 2 scrolls of fog
 x - a scroll of acquirement {unknown}
 z - 2 scrolls of teleportation {unknown}
 L - 2 scrolls of magic mapping {unknown}
Potions
 f - 3 potions of berserk rage {!q}
 h - 2 potions of might {unknown}
 l - 3 potions of lignification {!q}
 m - 2 potions of heal wounds {unknown}
 v - a potion of brilliance
 y - a potion of flight
 E - a potion of magic {unknown}
 J - a potion of degeneration {unknown}
 K - a potion of attraction {unknown}


   Skills:
 + Level 6.8 Fighting
 + Level 4.3(5.8) Axes
 - Level 5.9(6.6) Polearms
 - Level 2.0 Throwing
 - Level 5.1 Armour
 * Level 5.5 Dodging


You had 8 spell levels left.
You didn't know any spells.
Your spell library contained the following spells:

 Spells                   Type           Power        Failure   Level
 Magic Dart               Conj           0%           80%         1
 Searing Ray              Conj           0%           90%         2
 Dazzling Flash           Conj/Hex       0%           99%         3
 Fulminant Prism          Conj/Hex       0%           100%        4
 Iskenderun's Mystic Bla  Conj/Tloc      0%           100%        4


Dungeon Overview and Level Annotations

Branches:
Dungeon (7/15)             Temple (0/1) D:6

Altars:
Ashenzari
Cheibriados
Fedhas
Kikubaaqudgha
Makhleb
Nemelex Xobeh
Okawaru
Qazlal
Sif Muna
Uskayaw
Xom
Zin
The Shining One

Annotations:
D:5 1 runed translucent door


Message History

The wolf spider hits you!
* * * LOW HITPOINT WARNING * * *
The wolf spider bites you!
* * * LOW HITPOINT WARNING * * *
You are lethally poisoned!
The wolf spider poisons you!
You take 38 damage, and have 3/71 hp.
GAME OVER YEAH!!
Really read
g - a scroll of blinking {!r}?
Blink to where?
As you read the scroll of blinking {!r}, it crumbles to dust.
* * * LOW HITPOINT WARNING * * *
You feel sick.
You take 1 damage, and have 2/71 hp.
You feel better.
You regained 8 hp, and now have 10/71 hp.
Aim: a wolf spider (chance to affect: 46%)
The wolf spider resists with some effort.
Aim: a wolf spider (chance to affect: 46%)
The wolf spider suddenly stops moving!
The helpless wolf spider fails to defend itself.
You slash the wolf spider!
The helpless wolf spider fails to defend itself.
You hit the wolf spider but do no damage.
Lightning courses through the wolf spider!
The helpless wolf spider fails to defend itself.
You hit the wolf spider.
The helpless wolf spider fails to defend itself.
You hit the wolf spider.
The helpless wolf spider fails to defend itself.
You hit the wolf spider.
Lightning courses through the wolf spider!
The helpless wolf spider fails to defend itself.
You hit the wolf spider.
The helpless wolf spider fails to defend itself.
You hit the wolf spider.
The helpless wolf spider fails to defend itself.
You hit the wolf spider.
The wolf spider is no longer paralysed.
The wolf spider hits you!
You die...

..#
#...###########..#
..#
#................#
..#
###########.######
..### #.#
....######## #.#
###........# #.#
#.######.# #.#
#........# #.#
#.######## #@#
###.# #s# ....#
#.# .####### #.#
.......# #.#
.#####.# #<# .#
#.#########.# .#
#...........# .#
#############

Skill      XL: |  1  2  3  4  5  6  7  8  9 |
---------------+----------------------------+-----
Polearms       | 4 5 |  5.9
Fighting       | 3 4 5 6 |  6.8
Armour         | 1 2 3 4 5 |  5.1
Axes           | 3 4 |  4.3
Dodging        | 5 |  5.5
Throwing       | |  2.0

Notes
Turn   | Place    | Note
-------+----------+-------------------------------------------
     0 | D:1      | hehateme the Human Gladiator began the quest for the Orb.
     0 | D:1      | Reached XP level 1. HP: 16/16 MP: 1/1
    46 | D:1      | Reached XP level 2. HP: 22/22 MP: 2/2
   321 | D:1      | Reached XP level 3. HP: 28/28 MP: 3/3
   737 | D:1      | Reached skill level 4 in Polearms
  1096 | D:2      | Reached XP level 4. HP: 17/34 MP: 4/4
  1800 | D:2      | Reached skill level 3 in Fighting
  1800 | D:2      | Reached skill level 1 in Armour
  2000 | D:2      | Noticed a +0 dagger
  2001 | D:2      | Found a hide-covered altar of Uskayaw.
  2002 | D:2      | Noticed a +0 dagger
  2044 | D:2      | Found a stormy altar of Qazlal.
  2046 | D:2      | Noticed Robin
  2188 | D:2      | Killed Robin
  2196 | D:2      | Reached XP level 5. HP: 39/41 MP: 5/5
  3098 | D:3      | Found an iron altar of Okawaru.
  3116 | D:3      | Became a worshipper of Warmaster Okawaru
  3363 | D:3      | Reached skill level 2 in Armour
  3915 | D:3      | Found a burning altar of Makhleb.
  3915 | D:3      | Found a shimmering altar of Xom.
  4031 | D:4      | Reached XP level 6. HP: 14/48 MP: 6/6
  4951 | D:3      | Reached skill level 4 in Fighting
  4951 | D:3      | Reached skill level 5 in Polearms
  5308 | D:4      | Reached skill level 3 in Armour
  5418 | D:4      | Reached XP level 7. HP: 43/54 MP: 7/7
  5485 | D:4      | Found a broken altar of Ashenzari.
  6043 | D:4      | Reached * piety under Okawaru
  6525 | D:5      | Entered Level 5 of the Dungeon
  6530 | D:5      | Found a glowing silver altar of Zin.
  6570 | D:5      | Reached skill level 5 in Fighting
  6628 | D:5      | Reached skill level 4 in Armour
  6641 | D:5      | Found a glowing silver altar of Zin.
  6649 | D:5      | Found a runed translucent door.
  6649 | D:5      | Noticed an angel
  6672 | D:5      | You fall into a shaft and drop 1 floor!
  6676 | D:6      | Reached XP level 8. HP: 62/62 MP: 8/8
  6714 | D:6      | Reached skill level 1 in Axes
  6858 | D:6      | Noticed a troll
  6859 | D:6      | Reached skill level 2 in Axes
  6901 | D:7      | Reached skill level 5 in Armour
  7337 | D:5      | Found a snail-covered altar of Cheibriados.
  8564 | D:6      | Reached skill level 6 in Fighting
  8639 | D:6      | Found a staircase to the Ecumenical Temple.
  8689 | D:6      | Reached skill level 3 in Axes
  8698 | D:6      | Reached ** piety under Okawaru
  8812 | D:6      | Reached XP level 9. HP: 69/69 MP: 9/9
  9043 | D:6      | Found a shimmering blue altar of Sif Muna.
  9130 | D:6      | Reached skill level 4 in Dodging
  9150 | D:6      | Found a glowing golden altar of the Shining One.
  9436 | D:7      | Reached skill level 4 in Axes
  9436 | D:7      | Reached skill level 5 in Dodging
  9671 | D:7      | Found a shimmering blue altar of Sif Muna.
  9679 | D:7      | Found an iron altar of Okawaru.
  9681 | D:7      | Found a sparkling altar of Nemelex Xobeh.
  9683 | D:7      | Found an ancient bone altar of Kikubaaqudgha.
  9689 | D:7      | Found a blossoming altar of Fedhas.
 10215 | D:6      | Noticed a wolf spider
 10216 | D:6      | Noticed a gargoyle
 10226 | D:7      | HP: 10/71 [wolf spider (15)]
 10226 | D:7      | HP: 3/71 [wolf spider (7)]
 10240 | D:7      | Slain by a wolf spider

Table legend: (Time is in decaauts)
 A = Elapsed time spent in this place.
 B = Non-inter-level travel time spent in this place.
 C = Inter-level travel time spent in this place.
 D = Time resting spent in this place.
 E = Time spent auto-exploring this place.
 F = Levels seen in this place.
 G = Mean time per level.
                   A        B        C        D        E       F      G
               +--------+--------+--------+--------+--------+-----+--------+
         Total |  10289 |   9829 |    460 |   2680 |   5474 |   7 | 1469.9 |
       Dungeon |  10289 |   9829 |    460 |   2680 |   5474 |   7 | 1469.9 |
               +--------+--------+--------+--------+--------+-----+--------+

Top non-repeatable levels by time:
     D:4: 1979 daAuts
     D:3: 1836 daAuts
     D:2: 1606 daAuts
     D:5: 1352 daAuts
     D:6: 1205 daAuts
     D:7: 1168 daAuts
     D:1: 1139 daAuts

Table legend:
 A = Kills in this place as a percentage of kills in entire the game.
 B = Kills by you in this place as a percentage of kills by you in the entire game.
 C = Kills by friends in this place as a percentage of kills by friends in the entire game.
 D = Other kills in this place as a percentage of other kills in the entire game.
 E = Experience gained in this place as a percentage of experience gained in the entire game.
 F = Experience gained in this place divided by the number of levels of this place that you have seen.
                   A       B       C       D       E      F
               +-------+-------+-------+-------+-------+----------------------
         Total | 100.0 | 100.0 |   N/A |   N/A | 100.0 | 410.4
       Dungeon | 100.0 | 100.0 |   N/A |   N/A | 100.0 | 410.4
               +-------+-------+-------+-------+-------+----------------------

Action                   |  1- 3 |  4- 6 |  7- 9 || total
-------------------------+-------+-------+-------++-------
Melee: Trident           |   115 |   249 |    77 ||   441
       Hand axe          |       |       |   181 ||   181
       Punch             |       |       |     1 ||     1
 Fire: Hunting sling     |       |    41 |    11 ||    52
Throw: Stone             |     9 |    39 |    13 ||    61
       Throwing net      |       |     3 |       ||     3
       Dart              |       |       |    49 ||    49
       Boomerang         |       |       |    17 ||    17
Invok: Heroism           |       |       |     4 ||     4
Evoke: Wand              |       |       |     5 ||     5
  Use: Scroll            |       |     6 |     4 ||    10
       Potion            |       |     1 |     2 ||     3
 Stab: Sleeping          |     1 |       |       ||     1
       Invisible         |       |     1 |       ||     1
       Paralysed         |       |       |     8 ||     8
Armor: Leather armour    |    29 |    51 |       ||    80
       Scale mail        |       |       |   105 ||   105
Dodge: Dodged            |    65 |   136 |   204 ||   405

Vanquished Creatures
  2 orc warriors (D:6)
  An ice beast (D:6)
  3 centaurs
  2 ogres
  A phantom (D:6)
  3 bullfrogs
  2 scorpions
  A howler monkey (D:7)
  A crimson imp (D:3)
  4 hounds
  3 jellies (D:4)
  2 orc priests
  A centaur skeleton (D:7)
  An iron imp (D:5)
  6 orc wizards
  2 worker ants
  A killer bee zombie (D:7)
  Robin (D:2)
  15 adders
  A white imp (D:5)
  An ufetubus (D:7)
  7 oozes (D:4)
  2 adder skeletons (D:4)
  A worm (D:4)
  A dart slug (D:1)
  3 leopard geckos (D:2)
  32 orcs
  2 ball pythons (D:1)
  8 bats
  3 giant cockroaches
  17 goblins
  10 hobgoblins
  15 jackals
  11 kobolds
  2 quokkas
  6 frilled lizards
  A jackal skeleton (D:4)
  A quokka skeleton (D:6)
  5 rats
181 creatures vanquished.

Vanquished Creatures (others)
  5 bushes (D:6)
  7 fungi (D:4)
  6 toadstools (D:4)
18 creatures vanquished.

Grand Total: 199 creatures vanquished You could see a wolf spider.

Levels and vault maps discovered:
D:1:      dpeg_arrival_round_b, layout_loops_ring
D:2:      layout_basic, dancing_weapons_uskayaw, grunt_qazlal_sundering,
          minmay_misc_feat_secret_circle, nrook_uturn, uniq_robin
D:3:      layout_rooms, grunt_temple_overflow_champion_of_chaos,
          minmay_misc_feat_rows, okawaru_gym_becter
D:4:      cheibrodos_fertilizer, layout_rooms, kennysheep_mini_moat,
          enter_ossuary_5
D:5:      layout_basic, nicolae_overflow_crystal_walls, slow_altar_2,
          serial_corexii_hall, chequers_hall_statues_y, corexii_hall_statues_i,
          chequers_hall_statues_corner_a, chequers_hall_statues_y,
          corexii_hall_statues_i, chequers_hall_statues_wall_a,
          lemuel_angel_altar
D:6:      minmay_klotski, layout_basic, minmay_temple_entry_water_ring,
          basic_altar, nicolae_tso_swordbearing_angel
D:7:      layout_loops_ring, minitemple, serial_park_tiny_1,
          lemuel_flamethrower_2
